[Event "Championnat du monde jeunes U10"]
[Date "2024.11.26"]
[White "Todmunkh, Turbat"]
[Black "Wang, Rocky"]
[WhiteElo "1773"]
[BlackElo "1853"]
[Round "11.18"]
[Result "1/2-1/2"]
[TimeControl "5400+30"]

1. e4 c5 2. Nf3 Nc6 3. Bb5 Na5 4. c3 a6 5. Ba4 b5 6. Bc2 Bb7 7. O-O e6 8. d4 Nf6 9. Re1 cxd4 10. cxd4 Be7 11. Bg5 h6 12. Bh4 O-O 13. Qd3 g6 14. Nbd2 d5 15. Bxf6 Bxf6 16. e5 Bg7 17. h4 h5 18. Ng5 Nc4 19. b3 Nxd2 20. Qxd2 Bh6 21. f4 Qe7 22. Rac1 Rac8 23. Bb1 Rfe8 24. g3 Bf8 25. Qd3 Qd7 26. Rf1 Ba3 27. Rxc8 Rxc8 28. g4 hxg4 29. h5 Qe8 30. hxg6 fxg6 31. Qxg6+ Qxg6 32. Bxg6 Bb2 33. Nxe6 Rc6 34. f5 Bc8 35. Bf7+ Kh8 36. Rf4 Bxe6 37. fxe6 Ba3 38. Rxg4 Rc1+ 39. Kg2 Rc2+ 40. Kg3 Rc3+ 41. Kf4 Rd3 42. Kf5 Rf3+ 43. Kg6 Be7 44. Rg1 Rh3 45. Rg4 Rh1 46. Kf5 Rf1+ 47. Kg6 Rh1 48. Rg2 Rh4 49. Rd2 Rh1 50. Kf5 Rf1+ 51. Kg4 Kg7 52. Rg2 Kh7 53. Rh2+ Kg7 54. Rd2 Rg1+ 55. Kf3 Rf1+ 56. Rf2 Rxf2+ 57. Kxf2 Kf8 58. Bh5 Bh4+ 59. Ke3 Ke7 60. Bf3 Kxe6 61. Bg4+ Ke7 62. b4 Be1 63. Bc8 a5 64. bxa5
Bxa5 65. Ba6 b4 66. Bb7 Ke6 67. Bc8+ Ke7 68. Bf5 Bb6 69. Bg6 Ba7 70. Bh7 Kf7 1/2-1/2

[Variant "Standard"]
[Site "Europe Echecs"]

[Event "Championnat du monde jeunes U10"]
[Date "2024.11.26"]
[White "Tugsbilguun, Davganamdag"]
[Black "Melkonyan, Davit"]
[WhiteElo "1660"]
[BlackElo "1842"]
[Round "11.19"]
[Result "1-0"]
[TimeControl "5400+30"]

1. e4 e5 2. Nf3 Nc6 3. d4 exd4 4. Nxd4 Nf6 5. Nc3 Bb4 6. Nxc6 bxc6 7. Bd3 d5 8. exd5 cxd5 9. O-O O-O 10. Bg5 c6 11. Qf3 Be7 12. h3 h6 13. Bf4 Bd6 14. Ne2 Rb8 15. b3 Re8 16. Rad1 Bxf4 17. Qxf4 Be6 18. Nd4 Rc8 19. Rfe1 Qc7 20. Qxc7 Rxc7 21. Bf5 Bxf5 22. Rxe8+ Nxe8 23. Nxf5 Nf6 24. f3 h5 25. Re1 g6 26. Re7 Rc8 27. Nh6+ Kg7 28. Rxf7+ Kxh6 29. Rxf6 Kg7 30. Rd6 Rc7 31. Kf2 a5 32. a4 Kf7 33. Rd8 Ke6 34. Rg8 Kf6 35. Ra8 Ke5 36. Ke3 d4+ 37. Kd3 Kf4 38. Rxa5 c5 39. Ra6 Rg7 40. Ke2 Kg3 41. Kf1 h4 42. Rc6 d3 43. cxd3 Rd7 44. Rxg6+ Kh2 45. Ke2 Rb7 46. Rg4 Rxb3 47. Rxh4 Kxg2 48. Rc4 Kxh3 49. Rxc5 Ra3 50. Rc4 Kg3 51. Rg4+ 1-0

[Variant "Standard"]
[Site "Europe Echecs"]

[Event "Championnat du monde jeunes U10"]
[Date "2024.11.26"]
[White "Anetov, Amirzhan"]
[Black "Nguyen Truong An Khang"]
[WhiteElo "1767"]
[BlackElo "1836"]
[Round "11.20"]
[Result "1-0"]
[TimeControl "5400+30"]

1. e4 c6 2. d4 d5 3. exd5 cxd5 4. Bd3 Nc6 5. c3 Nf6 6. Bf4 Bg4 7. Qb3 Qd7 8. Nd2 e6 9. Ngf3 Bd6 10. Bxd6 Qxd6 11. O-O O-O 12. Rfe1 Nd7 13. Qd1 Bh5 14. Qc2 Bg6 15. Bxg6 hxg6 16. Re3 Rac8 17. Rae1 b5 18. h4 b4 19. h5 gxh5 20. Qd3 Ne7 21. c4 dxc4 22. Nxc4 Qa6 23. b3 Nf5 24. R3e2 Nb6 25. Nfe5 Nd5 26. Rc2 Qb7 27. Na5 Qe7 28. Nac6 Qg5 29. Rc5 Nf4 30. Qe4 Nxd4 31. Nd3 f5 32. Qxf4 Qxf4 33. Nxf4 Rxc6 34. Rxc6 Nxc6 35. Rxe6 Rc8 36. Nxh5 Kf7 37. Rd6 Ne5 38. Rd5 Ng4 39. Ng3 Ke6 40. Ra5 Rc7 41. Ra4 Rc1+ 42. Nf1 Rc2 43. f3 Ne5 44. Rxa7 Kf6 45. Ne3 Rd2 46. f4 Ng4 47. Ra6+ Kf7 48. Nxg4 fxg4 49. Kh2 Rd3 50. Ra4 Rd2 51. Kg3 Kf6 52. Rxb4 Rxa2 53. Rb6+ Kf5 54. Rb5+ Kf6 55. b4 Rb2 56. Rb7 g6 57. Rb5 Ra2 58. Rc5 Rb2 59. b5 Ra2 60. Rc8 Rb2 61. Rb8 Kf5 62. b6 Rb3+ 63. Kh4 Kf6 64. Kxg4 Kf7 65. b7 Kg7 66. Kh4 Rb5 67. Kg3 Rb3+ 68. Kf2 Rb5 69. g4 Kh7 70. Ke3 Rb3+ 71. Kd2 Rb2+ 72. Kc3 Rb6 73. f5 gxf5 74. gxf5 Kg7 75. f6+ Kf7 76. Rh8 Rxb7 77. Rh7+ 1-0

[Variant "Standard"]
[Site "Europe Echecs"]

[Event "Championnat du monde jeunes U10"]
[Date "2024.11.26"]
[White "Akramov, Khasan"]
[Black "Skouroupathis, Kyriakos"]
[WhiteElo "1835"]
[BlackElo "1695"]
[Round "11.21"]
[Result "1-0"]
[TimeControl "5400+30"]

1. c4 e5 2. g3 Nc6 3. Nc3 f5 4. Nf3 Nf6 5. d4 e4 6. Nh4 d5 7. Bg5 Be7 8. e3 dxc4 9. Bxc4 Na5 10. Bxf6 Bxf6 11. Qh5+ g6 12. Nxg6 hxg6 13. Qxg6+ Kd7 14. Qxf5+ Ke8 15. Qxa5 b6 16. Qd5 Qxd5 17. Bxd5 Rb8 18. Nxe4 Be7 19. Nc3 1-0

[Variant "Standard"]
[Site "Europe Echecs"]

[Event "Championnat du monde jeunes U10"]
[Date "2024.11.26"]
[White "Perez Solanas, Hugo"]
[Black "Seo, Juwon"]
[WhiteElo "1824"]
[BlackElo "1721"]
[Round "11.22"]
[Result "0-1"]
[TimeControl "5400+30"]

1. e4 c5 2. Nf3 e6 3. d4 cxd4 4. Nxd4 Nc6 5. Nc3 Qc7 6. Ncb5 Qb8 7. Bd3 Nf6 8. O-O a6 9. Nxc6 bxc6 10. Nc3 d5 11. Qe2 Bd6 12. f4 Bc5+ 13. Kh1 h5 14. Bd2 h4 15. Qf3 Bd7 16. Be1 Qb7 17. e5 Ng8 18. Qg4 Nh6 19. Qxh4 Be7 20. Qg3 O-O-O 21. h3 Rdg8 22. Qf2 c5 23. b3 Kc7 24. Na4 Qc6 25. Ba5+ Kb7 26. Nb6 Nf5 27. Bxf5 exf5 28. b4 d4 29. Kg1 g5 30. Nc4 gxf4 31. Bb6 Qd5 32. Bxc5 Bxc5 33. Na5+ Ka7 34. bxc5 Rxh3 35. Rab1 Rhg3 36. Rb7+ Ka8 37.
Rb8+ Kxb8 38. Rb1+ Ka8 0-1

[Variant "Standard"]
[Site "Europe Echecs"]

[Event "Championnat du monde jeunes U10"]
[Date "2024.11.26"]
[White "Mulay, Vivan Prakash"]
[Black "Babeikin, Kiryl"]
[WhiteElo "1823"]
[BlackElo "1721"]
[Round "11.23"]
[Result "0-1"]
[TimeControl "5400+30"]

1. c4 e6 2. g3 d5 3. d4 Nf6 4. Bg2 Be7 5. Nf3 O-O 6. O-O dxc4 7. Qc2 a6 8. a4 Bd7 9. Qxc4 Bc6 10. Bg5 Bd5 11. Qc2 Be4 12. Qc1 Nc6 13. e3 Nb4 14. Nc3 Bc6 15. a5 Rc8 16. Rd1 Qe8 17. Qd2 Ne4 18. Nxe4 Bxe4 19. Bxe7 Qxe7 20. Rdc1 Rfd8 21. Ne1 Bxg2 22. Nxg2 Qd6 23. Qc3 Nd5 24. Qc4 e5 25. e4 Ne7 26. dxe5 Qxe5 27. Qb4 Rb8 28. Rc5 Nc6 29. Rxe5 Nxb4 30. Rc5 c6 31. Rc4 Nd3 32. b3 Ne5 33. Rc3 Rd4 34. f4 Ng4 35. h3 Nf6 36. e5 Ne4 37. Rc4 Nxg3 38. Rxd4 Ne2+ 39. Kf2 Nxd4 40.
b4 Nc2 41. Rd1 Nxb4 42. Ne3 c5 43. Nc4 Nc6 44. Rd7 h6 45. Ke3 g5 46. f5 Nxe5 47. Nxe5 Re8 48. Ke4 f6 49. Kd5 Rxe5+ 50. Kd6 Rxf5 51. Ke6 Rf1 52.
Rxb7 h5 53. Ra7 g4 54. hxg4 hxg4 55.
Rxa6 g3 56. Ra8+ Kg7 57. Ra7+ Kg6 58.
Ra8 Re1+ 59. Kd5 Kf7 60. Ra7+ Re7 0-1

[Variant "Standard"]
[Site "Europe Echecs"]

[Event "Championnat du monde jeunes U10"]
[Date "2024.11.26"]
[White "Vardanyan, Armen Art."]
[Black "Nikitakis, Michail"]
[WhiteElo "1735"]
[BlackElo "1818"]
[Round "11.24"]
[Result "1/2-1/2"]
[TimeControl "5400+30"]

1. d4 Nf6 2. c4 e6 3. Nc3 Bb4 4. Qc2 c5 5. a3 Bxc3+ 6. bxc3 cxd4 7. cxd4 d5 8. e3 Nbd7 9. Nf3 O-O 10. cxd5 exd5 11. Bd3 Re8 12. O-O Ne4 13. Nd2 Ndf6 14. f3 Nxd2 15. Bxd2 Re6 16. Qa2 Qe8 17. Rac1 Rxe3 18. Bb5 Qe7 19. Bxe3 Qxe3+ 20. Qf2 Qxa3 21. Rfe1 Be6 22. Qd2 a6 23. Bd3 Qd6 24. Rb1 b5 25. Rec1 g6 26. Rc2 Nh5 27. Rbc1 Nf4 28. Bf1 Nh5 29. Rc6 Qe7 30. Bd3 Qf6 31. Qe3 Nf4 32. Bf1 Qg5 33. Kh1 Bd7 34. R6c2
Re8 35. Qf2 Bf5 36. Rd2 1/2-1/2

[Variant "Standard"]
[Site "Europe Echecs"]

[Event "Championnat du monde jeunes U10"]
[Date "2024.11.26"]
[White "Ramesan, Raunak Amit"]
[Black "Ten Dam, Bram"]
[WhiteElo "1802"]
[BlackElo "2012"]
[Round "11.25"]
[Result "1-0"]
[TimeControl "5400+30"]

1. e4 c5 2. Nf3 d6 3. d4 cxd4 4. Nxd4 Nf6 5. Nc3 g6 6. Be3 a6 7. f3 h5 8. Qd2 b5 9. a4 bxa4 10. Nxa4 Nbd7 11. Be2 Bg7 12. O-O Bb7 13. c4 O-O 14. Rac1 Rc8 15. Rfd1 Qc7 16. b4 Rfd8 17. Qa2 Ba8 18. Qa3 Rb8 19. b5 Nc5 20. Nb3 Nxb3 21. Qxb3 h4 22. b6 Qc6 23. c5 d5 24. Bf4 Rbc8 25. Bxa6 h3 26. Qb5 Qe6 27. Bxc8 Rxc8 28. b7 Bxb7 29. Qxb7 dxe4 30. Nb6 Re8 31. Nd7 e3 32. Nxf6+ Bxf6 33. Qe4 Qa2 34. Rc2 e2 35. Qxe2 1-0

[Variant "Standard"]
[Site "Europe Echecs"]

[Event "Championnat du monde jeunes U10"]
[Date "2024.11.26"]
[White "Neuschild, Marius"]
[Black "Chen, Chicheng Leon"]
[WhiteElo "1786"]
[BlackElo "1987"]
[Round "11.26"]
[Result "1/2-1/2"]
[TimeControl "5400+30"]

1. e4 c5 2. Nf3 d6 3. d4 cxd4 4. Nxd4 Nf6 5. Nc3 a6 6. Be2 e6 7. Be3 Be7 8. O-O b5 9. a3 Bb7 10. Bf3 Qc7 11. Nde2 O-O 12. Nf4 Nbd7 13. Nd3 Rac8 14. Qe2 Nb6 15. e5 Nfd5 16. Bxb6 Nxc3 17. Bxc7 Nxe2+ 18. Bxe2 Rxc7 19. exd6 Bxd6 20. c3 Rd8 21. Rfd1 Rcd7 22. Nb4 a5 23. Nc2 Bc5 24. Rxd7 Rxd7 25. Rd1 Rxd1+ 26. Bxd1 e5 27. Kf1 f5 28. f3 Kf7 29. Ke2 Bd5 30. Ne3 Be6 31. Bc2 g6 32. Bd3 Bd7 33. b4 axb4 34. axb4 Bd6 35. Nc2 e4 36. fxe4 fxe4 37. Bxe4 Bxh2 38. Nd4 Be5 39. Bd3 Bxd4 40. cxd4 Bc6 41. g3 h5 42. Ke3 g5 43. Bf5 Kf6 44. Bc8 Ke7 45. Bh3 Kd6 46. Bf1 Kd5 47. Bg2+ Kd6 48. Bf1 Ke6 49. Bh3+ Kf6 50. Bf1 Kf5 51. Bh3+ g4 52. Bf1 Kg5 53. d5 Bxd5 54. Bxb5 h4 55. gxh4+ Kxh4 56. Kf2 g3+ 57. Kg1 Kg4 58. Bf1 Kf4 59. b5 Ke5 60. b6 Kd6 61. Bg2 Bxg2 62. Kxg2 Kc6 63. Kxg3 Kxb6 1/2-1/2

[Variant "Standard"]
[Site "Europe Echecs"]

[Event "Championnat du monde jeunes U10"]
[Date "2024.11.26"]
[White "Chakhalov, Mikael"]
[Black "Gomez Silva, Maximiliano"]
[WhiteElo "1962"]
[BlackElo "1643"]
[Round "11.27"]
[Result "1/2-1/2"]
[TimeControl "5400+30"]

1. c4 e6 2. d4 Nf6 3. Nc3 d5 4. Nf3 Be7 5. Bf4 c5 6. e3 O-O 7. Rc1 Nc6 8. Be2 a6 9. cxd5 exd5 10. dxc5 Bxc5 11. Nxd5 Qa5+ 12. Nc3 Bb4 13. O-O Bxc3 14. Rxc3 Qxa2 15. Qc2 Nb4 16.
Qb3 Qxb3 17. Rxb3 Nbd5 18. Be5 b5 19. Nd4 Ne4 20. Bf3 f5 21. Rd1 Bb7 22. h3 Rac8 23. Bh2 b4 24. Nxf5 Nc5 25. Bxd5+ Bxd5 26. Rxd5 Nxb3 27. Ne7+ Kf7 28.
Nxc8 Rxc8 29. Be5 Ke6 30. e4 Rc5 31. Rxc5
Nxc5 32. Bxg7 Nxe4 33. Kf1 Kd5 34. Ke2 a5 35. f4 a4 36. f5 a3 37. bxa3 bxa3 38. g4 a2 39. Ba1 Nc5 40. g5 Nb3 41. g6 hxg6 42. fxg6 Ke6 43. Bb2 a1=Q 44. Bxa1 Nxa1 45. h4 Nb3 46. Kf3 Nd4+ 47. Kf4 Kf6 48. h5 Ne6+ 49. Kg4 Kg7 50. Kf5 Nf8 51. Kg5 Nxg6 1/2-1/2

[Variant "Standard"]
[Site "Europe Echecs"]

[Event "Championnat du monde jeunes U10"]
[Date "2024.11.26"]
[White "Mutyalapati, Modith Aaroh"]
[Black "Azimov, Yasin"]
[WhiteElo "1893"]
[BlackElo "1759"]
[Round "11.28"]
[Result "0-1"]
[TimeControl "5400+30"]

1. b3 e5 2. Bb2 Nc6 3. e3 d6 4. c4 g6 5. Ne2 Bg7 6. d4 Nge7 7. d5 Nb8 8. g3 Nd7 9. Bg2 a5 10. Nbc3 Nc5 11. Qc2 O-O 12. Na4 Na6 13. a3 Bd7 14. Nac3 f5 15. h4 h6 16. Rd1 Nc5 17. f4 e4 18. Nc1 h5 19. N3e2 Bxb2 20. Qxb2 b5 21. cxb5 Bxb5 22. Nc3 Bd7 23. Bf1 Qb8 24. Bc4 Qb6 25. Kf2 Rab8 26. Qc2 Kh7 27. Rhe1 Ng8 28. Qd2 Nf6 29. Re2 Ng4+ 30. Kg2 Bc8 31. a4 Ba6 32. Bxa6 Nxa6 33. Nb5 Nb4 34. Qc3 Rf7 35. Rd4 Nf6 36. Red2 Qb7 37. Qc4 Nfxd5 38. Rxd5 Nxd5 39. Rxd5 c6 40. Rxd6 cxb5 41. axb5 Rc8 42. Qe6 Rc2+ 43. Kh3 Rg7 44. Rc6 Rxc6 45. bxc6 Qb5 46. Kg2 Rc7 47. Kf2 Qxc6 48. Qxc6 Rxc6 49. Ne2 Rc2 50. Ke1 Rb2 51. Nd4 Kg7 52. Kd1 Kf7 53. Kc1 Rg2 54. Nc6 Re2 55. Nxa5 Rxe3 56. b4 Rd3 57. b5 Rd5 0-1

[Variant "Standard"]
[Site "Europe Echecs"]

[Event "Championnat du monde jeunes U10"]
[Date "2024.11.26"]
[White "Meitzner, Jonathan Franz"]
[Black "Bulat, Mansur"]
[WhiteElo "1876"]
[BlackElo "1610"]
[Round "11.29"]
[Result "0-1"]
[TimeControl "5400+30"]

1. d4 Nf6 2. Bf4 d5 3. c3 c5 4. dxc5 Nc6 5. b4 a6 6. Nf3 Bf5 7. e3 h6 8. h4 e6 9. Be2 Ne4 10. Qa4 Bg4 11. Ne5 Bxe2 12. Kxe2 Rc8 13. f3 Nf6 14. Na3 Nd7 15. Rad1 Ndxe5 16. Bxe5 Qd7 17. Bg3 Nd4+ 18. Rxd4 Qxa4 19. Nc2 Qxc2+ 20. Rd2 Qxc3 0-1

[Variant "Standard"]
[Site "Europe Echecs"]

[Event "Championnat du monde jeunes U10"]
[Date "2024.11.26"]
[White "Kais, Kristofer"]
[Black "Mrozowski, Nikodem"]
[WhiteElo "1723"]
[BlackElo "1874"]
[Round "11.30"]
[Result "0-1"]
[TimeControl "5400+30"]

1. e4 c5 2. Nf3 d6 3. d4 cxd4 4. Nxd4 Nf6 5. Nc3 Nc6 6. Bg5 e6 7. Qd2 a6 8. O-O-O Bd7 9. f4 b5 10. Bxf6 gxf6 11. Nxc6 Bxc6 12. Qe1 Be7 13. Bd3 Qb6 14. Kb1 b4 15. Ne2 a5 16. f5 e5 17. Qh4 a4 18. Bc4 Qc5 19. b3 axb3 20. cxb3 Qe3 21. Bd3 h5 22. Rhf1 Kd7 23. Qf2 Qxf2 24. Rxf2 Ra5 25. Nc1 d5 26. exd5 Rxd5 27. Rfd2 Bc5 28. Be4 Rxd2 29. Rxd2+ Bd4 30. Bxc6+ Kxc6 31.
Rc2+ Kd5 32. Rc4 Rg8 33. g3 h4 34. Ne2 hxg3 35. Nxg3 Rh8 36. Rc2 e4 37. Re2 Rh4 38. Kc2 Ke5 39. Rg2 Kf4 40. Kd2 Kf3 41. Re2 Bf2 42. Nf1 Rh8 43. Kd1 e3 44. Nxe3 Rd8+ 0-1

[Variant "Standard"]
[Site "Europe Echecs"]

[Event "Championnat du monde jeunes U10"]
[Date "2024.11.26"]
[White "Katta, Sriansh"]
[Black "Garcia Tanjala, Marko"]
[WhiteElo "1766"]
[BlackElo "1833"]
[Round "11.31"]
[Result "1-0"]
[TimeControl "5400+30"]

1. e4 c5 2. Nc3 Nc6 3. f4 g6 4. Nf3 Bg7 5. a4 e6 6. e5 a6 7. Ne4 b6 8. Nd6+ Kf8 9. g3 Nh6 10. Bh3 f5 11. d4 cxd4 12. Nxd4 Nf7 13. Nxf7 Kxf7 14. Bg2 Qc7 15. O-O Bb7 16. Be3 Rhd8 17. Qe2 Nxd4 18. Bxd4 Bxg2 19. Qxg2 d5 20. Qf2 Rdc8 21. c3 Rab8 22. Qe2 a5 23. Qe3 Bf8 24. Rfc1 Qc4 25. Qd2 b5 26. axb5 Rxb5 27. Rab1 Rcb8 28. b4 axb4 29. cxb4 Rxb4 30. Rxc4 dxc4 31. Rxb4 Rxb4 32. Bc3 Rb7 33. Qd8 Kg8 34. Qc8 1-0

[Variant "Standard"]
[Site "Europe Echecs"]

[Event "Championnat du monde jeunes U10"]
[Date "2024.11.26"]
[White "Guirado Lara, Pablo"]
[Black "Tenuun, Tseesuren"]
[WhiteElo "1832"]
[BlackElo "1702"]
[Round "11.32"]
[Result "0-1"]
[TimeControl "5400+30"]

1. e4 e5 2. Nf3 Nc6 3. Bc4 Nf6 4. d3 Be7 5. Bb3 d6 6. c3 O-O 7. Nbd2 Na5 8. Bc2 c5 9. Nf1 Nc6 10. Ng3 Re8 11. O-O b5 12. Bd2 a5 13. a3 Bf8 14. h3 h6 15. Nh2 d5 16. Qe2 g6 17. Rad1 Bb7 18. Qf3 Bg7 19. Be3 d4 20. Bc1 dxc3 21. bxc3 b4 22. Bb2 bxc3 23. Bxc3 Nd4 24. Bxd4 cxd4 25. Rb1 Bc6 26. a4 Qd6 27. Rfc1 Rab8 28. Bb3 Rb4 29. Qd1 Reb8 30. Qc2 R8b6 31. Qa2 Qd7 32. Nf3 Ne8 33. Bc4 Nd6 34. Rxb4 Rxb4 35. Nd2 Bxa4 36. Rb1 Rxb1+ 37. Qxb1 Bb5 38. Bd5 Qc7 39. Ne2 a4 40. Nc1 Qc3 41. Nc4 Bxc4 42. dxc4 Nxc4 43. Ne2 Qb2 44. Qd3 Nd2 45. Ng3 Qb1+ 46. Qxb1 Nxb1 47. Kf1 a3 48. Ne2 d3 49. Nc1 d2 0-1

[Variant "Standard"]
[Site "Europe Echecs"]

[Event "Championnat du monde jeunes U10"]
[Date "2024.11.26"]
[White "Yevsieiev, Yaroslav"]
[Black "Buklaho, Ignacy"]
[WhiteElo "1706"]
[BlackElo "1822"]
[Round "11.33"]
[Result "1-0"]
[TimeControl "5400+30"]

1. e4 c5 2. Nf3 e6 3. c3 d5 4. exd5 Qxd5 5. d4 Nf6 6. Bb5+ Bd7 7. Bxd7+ Nbxd7 8. O-O Be7 9. Be3 O-O 10. Qe2 cxd4 11. cxd4 Nb6 12. Nc3 Qc4 13. Qd2 Bb4 14. Rac1 Rac8 15. a3 Bxc3 16. Rxc3 Qd5 17. Qd3 Ne4 18. Rb3 Nc4 19. Ne5 Ned6 20. Nxc4 Nxc4 21. h3 Rfd8 22. Rd1 a6 23. f3 h6 24. Bf2 b5 25. Qe2 Nd6 26. Rbd3 Nf5 27. Qe4 Rc4 28. g4 Ne7 29. Bh4 Rd7 30. Bxe7 Rxe7 31. Rc3 Rxc3 32. bxc3 Rc7 33. Qxd5 exd5 34. Rc1 Kf8 35. Kf2 Ke7 36. Ke3 Kd6 37. Kd3 Re7 38. a4 Ra7 39. Re1 Kc6 40. a5 Kd7 41. Re5 Kd6 42. Re8 f6 43. Kc2 Kc6 44. Kb3 Kd6 45. f4 Kd7 46. Rg8 Kc6 47. Rb8 Kd7
48. f5 Ke7 49. Rb6 Kd7 50. Kb4 Rc7 51. Rxa6 Rc4+ 52. Kb3 Ra4 53. Ra7+ Kd8 54. Rxg7 Rxa5 55. Rh7 Ra1 56. Rxh6 Ke7 57. Rh7+ Kf8 58. Rd7 Rb1+ 59. Kc2 Rh1 60. Rxd5 Rh2+ 61. Kb3 Rxh3 62. Rxb5 Rg3 63. d5 Rxg4 64. c4 Ke7 65. Kb4 Rf4 66. Kc5 Kd7 67. Rb7+ Kc8 68. Rf7 Rxf5 69. Kd6 Rf1 70. c5 Rc1 71. c6 Kb8 72. Rxf6 Rc2 73. Kd7 Rc5 74. d6 Rc1 75. c7+ Kb7 76. Rf8 Rc2 77. Rb8+ Ka7 78. c8=Q Rxc8 79. Kxc8 Ka6 80. d7 Ka7 81. d8=Q Ka6 82. Qb6# 1-0

[Variant "Standard"]
[Site "Europe Echecs"]

[Event "Championnat du monde jeunes U10"]
[Date "2024.11.26"]
[White "DAmato, Raffaele"]
[Black "Zhang, Oscar Y"]
[WhiteElo "1695"]
[BlackElo "1817"]
[Round "11.34"]
[Result "0-1"]
[TimeControl "5400+30"]

1. d4 Nf6 2. Nf3 d5 3. e3 c5 4. b3 Nc6 5. Bd3 e6 6. Bb2 Bd6 7. O-O O-O 8. a3 b6 9. Nbd2 Bb7 10. Ne5 Re8 11. f4 Qc7 12. Nxc6 Qxc6 13. dxc5 Bxc5 14. Rf3 Ng4 15. Nf1 g6 16. Rg3 f5 17. h3 e5 18. fxe5 Nxe3 19. Nxe3 f4 20. Rf3 Bxe3+ 21. Kh1 Qd7 22. a4 a6 23. Qe1 d4 24. Bc4+ Bd5 25. Bxd5+ Qxd5 26. Bc1 Rxe5 27. Bxe3 Rxe3 28. Qf2 Rxf3 29. gxf3 Re8 30. Rd1 Re3 31. Kg2 Qg5+ 32. Kh2 Qe5 33. Rd2 Kg7 34. Kg2 g5 35. Kf1 Qd5 36. Kg2 h5 37. Re2 g4 38. hxg4 hxg4 39. Rxe3 dxe3 40. Qh4 Qxf3+ 41. Kh2 g3+ 42. Kh3 Qh1+ 43. Kg4 Qxh4+ 44. Kxh4 g2 45. Kg4 g1=Q+ 0-1

[Variant "Standard"]
[Site "Europe Echecs"]

[Event "Championnat du monde jeunes U10"]
[Date "2024.11.26"]
[White "Kazimzade, Mahammad"]
[Black "Jani, Aakash"]
[WhiteElo "1687"]
[BlackElo "1810"]
[Round "11.35"]
[Result "1-0"]
[TimeControl "5400+30"]

1. d4 Nf6 2. c4 g6 3. Nc3 Bg7 4. g3 O-O 5. Bg2 d6 6. Nf3 Nbd7 7. O-O e5 8. Qc2 exd4 9. Nxd4 Nb6 10. Rd1 Nxc4 11. Ncb5 a6 12. Qxc4 axb5 13. Nxb5 Ne8 14. Qb4 Bd7 15. Be3 Qe7 16. a3 Bc6 17. Rac1 Bxg2 18. Kxg2 c6 19. Nxd6 Nxd6 20. Rxd6 Bxb2 21. Rxg6+ hxg6 22. Qxe7 Bxa3 23. Qf6 Rfd8 24. Bh6 Bf8 25. Bxf8 Kxf8 26. Rc4 Ke8 27. Re4+ Kd7 28. Re7+ Kc8 29. Qf4 Rd7 30. Re8+ Rd8 31. Qxf7 Rb8 32. Qe6+ Kc7 33. Re7+ Kb6 34. Qb3+ Kc5 35. Re5+ Kd6 36. Re6+ Kd7 37. Rxg6 Kc8 38. Qf7 Rd7 39. Rg8+ Kc7 40. Qf4+ Rd6 41. Rg7+ Kc8 42. Qxd6 Ra8 43. Rg8#
1-0

[Variant "Standard"]
[Site "Europe Echecs"]

[Event "Championnat du monde jeunes U10"]
[Date "2024.11.26"]
[White "Ismailov, Omarbek"]
[Black "Zhou, Guoyu"]
[WhiteElo "1625"]
[BlackElo "1809"]
[Round "11.36"]
[Result "1-0"]
[TimeControl "5400+30"]

1. d4 d5 2. Bf4 Nf6 3. e3 c5 4. c3 Nc6 5. Nd2 Bf5 6. Ngf3 e6 7. Nh4 Bg6 8. Nxg6 hxg6 9. Qb3 Qd7 10. Nf3 c4 11. Qc2 Bd6 12. Bxd6 Qxd6 13. b3 cxb3 14. axb3 O-O 15. Be2 e5 16. dxe5 Nxe5 17. Nd4 a6 18. h3 Rac8 19. O-O Rc7 20. f4 Ned7 21. c4 dxc4 22. bxc4 Re8 23. Rf3 Nb6 24. Qb3 Ne4 25. Qc2 Nd7 26. Rd1 Qf6 27. Bd3 Ndc5 28. Bxe4 Rxe4 29. Nb3 Qe7 30. Nxc5 Rxc5 31. Rd8+ Qxd8 32. Qxe4 Qc8 33. Rg3 Rxc4 34. Qd5 Rc5 35. Qa2 Qc6 36. Qd2 Rd5 37. Qe2 Qc1+ 38. Kh2 Rd1 39. Rg5 Re1 40. Qd3 Qxe3 41. Qd8+ Qe8 42. Qd5 Qe4 43. Qd8+ Kh7 44. Rg4 g5 45. Qxg5 Qd4 46. Qh4+ Kg8 47. Qxe1 Kf8 48. Qe5 Qxe5 49. fxe5 Ke7 50. Rxg7 Ke6 51. Rh7 Kxe5 52. Rxf7 b5 53. Ra7 1-0

[Variant "Standard"]
[Site "Europe Echecs"]

[Event "Championnat du monde jeunes U10"]
[Date "2024.11.26"]
[White "Lee, Yugeon"]
[Black "Ivanovic, Leonid"]
[WhiteElo "1690"]
[BlackElo "1990"]
[Round "11.37"]
[Result "0-1"]
[TimeControl "5400+30"]

1. d4 Nf6 2. c4 e6 3. Nc3 Bb4 4. Qc2 O-O 5. a3 Bxc3+ 6. Qxc3 b6 7. Nf3 Bb7 8. e3 d6 9. Be2 Ne4 10. Qc2 f5 11. O-O Rf6 12. Rd1 Rg6 13. d5 e5 14. Bd3 Bc8 15. Bxe4 fxe4 16. Qxe4 Qf6 17. Kh1 a5 18. Qd3 Bh3 19. Rg1 Bxg2+ 20. Rxg2 Qxf3 21. Qf1 Nd7 22. Kg1 Rxg2+ 23. Qxg2 Qd1+ 24. Qf1 Qg4+ 25.
Kh1 Rf8 26. f4 Nc5 27. Qg2 Qd1+ 28.
Qg1 Qc2 29. b4 Nb3 30. Bb2 Nxa1 31.
Bxa1 Qe4+ 32. Qg2 Qxg2+ 33. Kxg2 exf4 34.
exf4 Rxf4 35. bxa5 bxa5 36. c5 dxc5 37. Be5 Rf5 38. Bxc7 Rxd5 39. Bxa5 c4 40. Kf2 Rxa5 41. Ke3 Rxa3+ 42. Kd4 c3 43. Kc4 c2 44. Kb4 c1=Q 45. Kb5 Rb3+ 46. Ka4 Qa3# 0-1

[Variant "Standard"]
[Site "Europe Echecs"]

[Event "Championnat du monde jeunes U10"]
[Date "2024.11.26"]
[White "Friscic, Jakov"]
[Black "Ejsymont, Eryk"]
[WhiteElo "1685"]
[BlackElo "1910"]
[Round "11.38"]
[Result "1/2-1/2"]
[TimeControl "5400+30"]

1. d4 Nf6 2. c4 e6 3. Nc3 Bb4 4. Qc2 O-O 5. e4 d6 6. Bd3 Nc6 7. Ne2 Ba5 8. a3 Bb6 9. d5 Ne5 10. O-O exd5 11. exd5 Nfg4 12. Bf4 Ng6 13. Bg3 f5 14. h3 N4e5 15. Nf4 Qg5 16. Nxg6 hxg6 17. Bxe5 dxe5 18. Kh2 Qh4 19.
Nb5 c6 20. c5 cxb5 21. cxb6 f4 22. f3 Qg3+ 23. Kh1 Kh7 24. Qf2 Qg5 25. Bxb5 Rh8 26. d6 Be6 27. bxa7 Kg8 28. Kh2 Kf7 29. Bc4 Bxc4 30. Qc5 Be6 31. Qc7+ Kf6 32. Qe7+ Kf5 33. Qxg7 Qg3+ 34. Kh1 Rag8 35. a8=Q Rxa8 36. Rae1 Rxh3+ 1/2-1/2

[Variant "Standard"]
[Site "Europe Echecs"]

[Event "Championnat du monde jeunes U10"]
[Date "2024.11.26"]
[White "Chkhartishvili, Lazare"]
[Black "Kalinichenko, German Yu"]
[WhiteElo "1836"]
[BlackElo "1621"]
[Round "11.39"]
[Result "0-1"]
[TimeControl "5400+30"]

1. e4 e5 2. Nf3 Nc6 3. d4 exd4 4. Bc4 Nf6 5. e5 d5 6. Bb5 Ne4 7. Nxd4 Bd7 8. Bxc6 bxc6 9. O-O Bc5 10. f3 Ng5 11. f4 Ne4 12. Be3 Bb6 13. a4 c5 14. Ne2 d4 15. a5 dxe3 16. Qd3 Bf5 17. Qxe3 h5 18. axb6 axb6 19. Nbc3 Nxc3 20. Qxc3 Rxa1 21. Rxa1 h4 22. e6 O-O 23. exf7+ Rxf7 24. Qc4 Bg4 25.
Qe4 Re7 26. Ra8 Rxe4 27. Rxd8+ Kh7 28.
Nc3 Rxf4 29. Rd2 Be6 30. Nd5 Bxd5 31.
Rxd5 Rd4 32. Re5 Rd1+ 33. Kf2 Rd2+ 34.
Re2 Rxe2+ 35. Kxe2 Kg6 36. c4 Kf5 37. Kf3 g5 38. g4+ Ke5 39. Ke3 c6 40. h3 b5 41. b3 b4 42. Ke2 Ke4 43. Kd2 Kf3 44. Kd3 Kg3 45. Ke3 Kxh3 46. Kf3 Kh2 47. Kf2 h3 0-1

[Variant "Standard"]
[Site "Europe Echecs"]

[Event "Championnat du monde jeunes U10"]
[Date "2024.11.26"]
[White "Kovacs, Balazs"]
[Black "Rama, Federico"]
[WhiteElo "1800"]
[BlackElo "1564"]
[Round "11.40"]
[Result "1-0"]
[TimeControl "5400+30"]

1. e4 c5 2. Nf3 e6 3. d4 cxd4 4. Nxd4 Nc6 5. Nc3 a6 6. a3 Qc7 7. Nxc6 bxc6 8. g3 d5 9. Bg2 Bd6 10. O-O Nf6 11. Bg5 Be5 12. Kh1 O-O 13. Qd2 d4 14. Ne2 c5 15. f4 Bd6 16. e5 Bxe5 17. fxe5 Nd5 18. c4 dxc3 19. Nxc3 Qxe5 20. Nxd5 exd5 21. Qxd5 Qxd5 22. Bxd5 Rb8 23. Be7 Bb7 24. Bxb7 Rfe8 25. Bxa6 Rxe7 26. Rae1 Rd7 27. Bc4 h6 28. Rf2 Rbd8 29. Rxf7 Rxf7 30. Rf1 Rf8 31.
Rxf7 Rxf7 32. a4 Kf8 33. Bxf7 Ke7 34. a5 Kd7 35. a6 Kc7 36. Bc4 Kb6 37. Kg2 g5 38. Kf3 h5 39. Ke4 Kc6 40. Kf5 h4 41. Kxg5 hxg3 42. hxg3 Kc7 43. Kf6 Kc8 44. g4 Kc7 45. g5 Kb8 46. g6 Ka8 47. g7 Ka7 48. g8=Q Kb6 49. Qb8+ Kc6 50. b3 Kd7 51. Bb5# 1-0

[Variant "Standard"]
[Site "Europe Echecs"]